 Dungeon Crawl Stone Soup version 0.18.1-48-g4cf74bf (webtiles) character file.

475 Peloso the Shield-Bearer (level 6, 0/53 HPs)
             Began as a Minotaur Fighter on Sept 6, 2016.
             Killed by nerve-wracking pain
             ... invoked by an orc priest
              (14 damage)
             ... on level 4 of the Dungeon.
             The game lasted 00:05:14 (2437 turns).

Peloso the Shield-Bearer (Minotaur Fighter)         Turns: 2437, Time: 00:05:15

Health: 0/53       AC:  7    Str: 20    XL:     6   Next: 84%
Magic:  5/5        EV:  9    Int:  5    God:
Gold:   198        SH: 10    Dex: 12    Spells: 0 memorised, 5 levels left

rFire  . . .     SeeInvis +     a - +0 long sword
rCold  . . .     Gourm    .     b - +0 scale mail
rNeg   . . .     Faith    .     c - +0 shield
rPois  .         Spirit   .     (helmet restricted)
rElec  .         Dismiss  .     (no cloak)
rCorr  .         Reflect  .     (no gloves)
SustAt .         Harm     .     (no boots)
MR     .....                    (no amulet)
Stlth  ..........               (no ring)
                                e - ring of see invisible

@: not resistant to hostile enchantments, extremely unstealthy
A: retaliatory headbutt, horns 2
a: no special abilities


You were on level 4 of the Dungeon.
You were not hungry.

You visited 1 branch of the dungeon, and saw 4 of its levels.

You collected 198 gold pieces.

Inventory:

Hand Weapons
 a - a +0 long sword (weapon)
Armour
 b - a +0 scale mail (worn)
 c - a +0 shield (worn)
Jewellery
 e - a ring of see invisible (left hand)
Scrolls
 g - 2 scrolls of fear {unknown}
 i - 4 scrolls of identify {unknown}
 j - 3 scrolls of teleportation {unknown}
 k - 3 scrolls of amnesia {unknown}
 n - a scroll of noise {unknown}
 o - a scroll of recharging {unknown}
 p - 2 scrolls of remove curse {unknown}
 s - a scroll of blinking {unknown}
 v - a scroll of enchant weapon {unknown}
Potions
 d - a potion of might
 h - 3 potions of curing
 l - 2 potions of berserk rage {unknown}
 m - a potion of cancellation {unknown}
 r - a potion of haste {unknown}
 w - a potion of heal wounds {unknown}
Comestibles
 f - 2 bread rations
 q - a meat ration
 u - a beef jerky


   Skills:
 + Level 4.4 Fighting
 + Level 4.3 Long Blades
 + Level 5.6 Armour
 + Level 3.4 Dodging
 + Level 0.3 Stealth
 + Level 5.6 Shields


You had 5 spell levels left.
You didn't know any spells.

Dungeon Overview and Level Annotations

Branches:
Dungeon (4/15)
 Temple: D:4-7

Altars:
Trog
The Shining One


Innate Abilities, Weirdness & Mutations

You reflexively headbutt those who attack you in melee.
You have a pair of horns on your head.


Message History

Your shield and scale mail prevent you from hitting the orc.
You block the orc's attack. x2
Your shield and scale mail prevent you from hitting the orc.
Your headbutt misses the orc. The orc hits you with a hand axe.
* * * LOW HITPOINT WARNING * * *
You slash the orc!
You kill the orc!
You feel sick.
You are no longer poisoned.
You hit the orc priest but do no damage.
The orc priest hits you but does no damage.
You hit the orc priest.
You headbutt the orc priest, but do no damage.
The orc priest is lightly wounded.
The orc priest barely misses you.
You hit the orc priest.
The orc priest is heavily wounded.
The orc priest mumbles some strange prayers to Beogh against you.
Pain shoots through your body!
You die...

## #.# #.#
#.########
#........#
#######.##
#.# #.#
#(# #@#
#o# #.#
..# ###


You could see an orc priest.

Vanquished Creatures
  Sigmund (D:2)
  A scorpion (D:4)
  The ghost of Acrith the Stinger, a weakling DEVM (D:3)
  2 orc priests (D:4)
  An orc wizard (D:4)
  A worker ant (D:4)
  2 adders (D:2)
  2 oozes
  A worm (D:3)
  3 dart slugs
  2 giant geckos (D:1)
  6 orcs (D:4)
  6 bats
  7 giant cockroaches
  12 goblins
  5 hobgoblins
  6 jackals
  5 kobolds
  A quokka (D:2)
  2 ball pythons
  6 giant newts
  6 rats
79 creatures vanquished.

Notes
Turn   | Place    | Note
--------------------------------------------------------------
     0 | D:1      | Peloso the Minotaur Fighter began the quest for the Orb.
     0 | D:1      | Reached XP level 1. HP: 19/19 MP: 0/0
    87 | D:1      | Reached XP level 2. HP: 27/27 MP: 1/1
   210 | D:1      | Found a glowing golden altar of the Shining One.
   297 | D:1      | Reached XP level 3. HP: 33/33 MP: 2/2
   478 | D:2      | Reached skill level 1 in Dodging
   621 | D:2      | Noticed Sigmund
   629 | D:2      | Killed Sigmund
   629 | D:2      | Reached skill level 5 in Armour
   629 | D:2      | Reached skill level 5 in Shields
   629 | D:2      | Reached XP level 4. HP: 15/40 MP: 3/3
   629 | D:2      | Reached XP level 5. HP: 17/46 MP: 4/4
  1660 | D:3      | Found a bloodstained altar of Trog.
  1689 | D:3      | Noticed Acrith's ghost (weakling DEVM)
  1705 | D:3      | Killed Acrith's ghost
  1705 | D:3      | Reached XP level 6. HP: 50/52 MP: 5/5
  2437 | D:4      | Killed from afar by an orc priest

Skill      XL: |  1  2  3  4  5  6 |
---------------+-------------------+-----
Fighting       | 4 |  4.4
Armour         | 4 5 |  5.6
Shields        | 4 5 |  5.6
Dodging        | 2 3 |  3.4
Long Blades    | 3 4 |  4.3
Stealth        | |  0.3

Action                   |  1- 3 |  4- 6 || total
-------------------------+-------+-------++-------
Melee: Long sword        |    85 |   130 ||   215
       Headbutt          |     9 |    26 ||    35
  Eat: Chunk             |       |     5 ||     5
Armor: Scale mail        |    57 |    53 ||   110
Dodge: Dodged            |    39 |    48 ||    87
Block: Shield            |    64 |    73 ||   137
